 Dungeon Crawl Stone Soup version 0.31-a0-161-gb58dd9be76 (webtiles) character file.

Game seed: 14204100509129000516

171 Serulin the Sneak (level 5, -3/34 HPs)
             Began as a Gargoyle Delver on June 13, 2023.
             Slain by Menkaure (7 damage)
             ... on level 4 of the Dungeon.
             The game lasted 00:08:11 (2773 turns).

Serulin the Sneak (Gargoyle Delver)                 Turns: 2773, Time: 00:08:12

Health: -3/34      AC:  7    Str: 17    XL:     5   Next: 51%
Magic:  5/5        EV: 12    Int: 11    God:
Gold:   185        SH:  0    Dex: 11    Spells: 4/4 levels left

rFire   + . .        a - +0 mace (freeze)
rCold   + . .        (no shield)
rNeg    + . .        b - +0 leather armour
rPois   ∞            (no helmet)
rElec   +            i - scarf {rC+ rF+}
rCorr   .            (no gloves)
SInv    .            (no boots)
Will    .....        (no amulet)
Stlth   +++          (no ring)
HPRegen 0.25/turn    (no ring)
MPRegen 0.09/turn

%: no passive effects
@: no status effects
A: sickness immunity, AC +4, negative energy resistance 1, electricity
resistance, torment resistance 1, petrification resistance
a: no special abilities


You were on level 4 of the Dungeon.
You visited 1 branch of the dungeon, and saw 5 of its levels.

You collected 185 gold pieces.

Inventory:

Hand Weapons
 a - a +0 mace of freezing (weapon)
Armour
 b - a +0 leather armour (worn)
 i - a scarf of resistance (worn)
Jewellery
 j - a ring of fire
Wands
 g - a wand of digging (3)
 t - a wand of roots (8)
Scrolls
 c - 2 scrolls of fog
 d - a scroll of revelation
 e - 2 scrolls of fear
 k - a scroll of teleportation
 n - 2 scrolls of identify {unknown}
 o - a scroll of immolation
 s - a scroll of vulnerability {unknown}
Potions
 f - 2 potions of haste
 h - 3 potions of might {unknown}
 l - a potion of brilliance {unknown}
 m - a potion of ambrosia {unknown}
 p - a potion of lignification {unknown}
 q - a potion of curing {unknown}
 r - a potion of enlightenment {unknown}


   Skills:
 + Level 4.3 Fighting
 + Level 3.2 Maces & Flails
 + Level 2.4 Armour
 + Level 2.6 Dodging
 - Level 5.5 Stealth


You had 4 spell levels left.
You didn't know any spells.
Your spell library contained the following spells:

 Spells                   Type           Power      Damage    Failure   Level
 Sandblast                Erth           0%         2d4       38%         1
 Passwall                 Tmut/Erth      0%         N/A       54%         2
 Stone Arrow              Conj/Erth      0%         3d7       77%         3


Dungeon Overview and Level Annotations

Branches:
Dungeon (5/15)
 Temple: D:4-7

Altars:
Cheibriados
Okawaru
Qazlal
Trog

Annotations:
D:4 Menkaure


Innate Abilities, Weirdness & Mutations

You are immune to sickness and miasma.
Your stone body is resilient. (AC +4)
You are immune to poison.
You resist negative energy. (rN+)
You are resistant to electric shocks. (rElec)
You are resistant to unholy torment.
You are immune to petrification.


Message History

There is an open door here.
t - a wand of roots (8)
You see here a +0 club.
There is an open door here.
h - 3 glowing puce potions (gained 1) Done exploring.
Done exploring.
(D) Dungeon
Where to? (Enter - D:3, ? - help)
There is an open door here.
You see here a +0 club.
There is a stone staircase leading down here.
You climb downwards.
There is a stone staircase leading up here.
Found an escape hatch in the floor.
Menkaure, Prince of Dust comes into view.
Menkaure shouts!
Menkaure mumbles some strange words.
Menkaure seems to speed up.
Menkaure grins.
Menkaure casts a spell at you. Pain shoots through your body!
Menkaure barely misses you.
You hit Menkaure.
Menkaure is lightly damaged.
Menkaure hits you!
You are too injured to fight recklessly!
You are too injured to fight recklessly!
Unknown command.
You are too injured to fight recklessly!
You are too injured to fight recklessly!
You are too injured to fight recklessly!
You are too injured to fight recklessly!
You are too injured to fight recklessly!
You hit Menkaure.
Menkaure is lightly damaged.
Menkaure hits you!
* * * LOW HITPOINT WARNING * * *
Menkaure hits you!
You die...

....### #...#
......####...# ...
#.......##...# ..#
###.........# ...# #
##........# ..# #
##.......# ...# #
##..>...## ###...###
######.......###.M......
.##.......#.....@.......
.......#####.....#####..
....#### ##..### ..###
#..# .## #..# .# #..# .#
#..# ## #.## # #.#


You could see Menkaure (fast).

Vanquished Creatures
  A sky beast (D:3)
  An adder (D:2)
  2 dart slugs (D:1)
  10 endoplasms
  A giant cockroach (D:1)
  2 goblins (D:3)
  14 hobgoblins
  4 jackals (D:1)
  4 quokkas
  6 ball pythons
  4 bats
  5 kobolds
  4 rats
58 creatures vanquished.

Notes
Turn   | Place    | Note
-------+----------+-------------------------------------------
     0 | D:5      | Serulin the Gargoyle Delver began the quest for the Orb.
     0 | D:5      | Reached XP level 1. HP: 14/14 MP: 1/1
   338 | D:3      | Reached XP level 2. HP: 19/19 MP: 2/2
   357 | D:3      | Found an iron altar of Okawaru.
   405 | D:3      | Found a snail-covered altar of Cheibriados.
   435 | D:3      | Found a stormy altar of Qazlal.
   435 | D:3      | Noticed a sky beast
   689 | D:2      | Found a bloodstained altar of Trog.
   801 | D:1      | Reached skill level 1 in Armour
   870 | D:1      | Reached XP level 3. HP: 23/23 MP: 3/3
   906 | D:1      | Found a faded altar of an unknown god.
  1703 | D:2      | Reached XP level 4. HP: 29/29 MP: 4/4
  2085 | D:3      | Killed a sky beast
  2086 | D:3      | Reached XP level 5. HP: 4/34 MP: 5/5
  2392 | D:3      | Identified the +0 dagger "Muibaropro" {holy, Will+ Dex+2}
  2767 | D:4      | Noticed Menkaure
  2773 | D:4      | Slain by Menkaure

Illustrated notes

Levels and vault maps discovered:
D:1:      dpeg_arrival_rhombi, layout_basic, hellmonk_ecumenical_altar_blasted,
          minmay_unequal
D:2:      layout_basic, basic_altar, grunt_ministairs_15
D:3:      layout_basic, cheibriados_altar_1,
          mainiacjoe_overflow_concentric_impassable,
          nicolae_qazlal_beasts_of_the_sky
D:4:      minmay_bubble_buster, layout_layer_cave,
          nicolae_overflow_crystal_walls, minmay_manual_monstrance,
          uniq_menkaure, uniq_natasha
D:5:      kennysheep_spiral_hall, layout_rooms, minmay_temple_entry_tees,
          uniq_crazy_yiuf_cottage, uniq_sigmund, uniq_edmund

Skill      XL: |  1  2  3  4 |
---------------+-------------+-----
Armour         | 1 2 |  2.4
Dodging        | 2 |  2.6
Fighting       | 4 |  4.3
Maces & Flails | 3 |  3.2
Stealth        | |  5.5

Action                     |  1- 3 |  4- 6 || total
---------------------------+-------+-------++-------
  Melee: Mace              |   115 |    50 ||   165
         Punch             |     1 |       ||     1
    Use: Scroll            |     2 |       ||     2
   Stab: Sleeping          |    11 |     3 ||    14
 Armour: Leather armour    |    96 |    26 ||   122
  Dodge: Dodged            |   113 |    28 ||   141

Table legend: (Time is in decaauts)
 A = Elapsed time spent in this place.
 B = Non-inter-level travel time spent in this place.
 C = Inter-level travel time spent in this place.
 D = Time resting spent in this place.
 E = Time spent auto-exploring this place.
 F = Levels seen in this place.
 G = Mean time per level.
                   A        B        C        D        E       F      G
               +--------+--------+--------+--------+--------+-----+--------+
         Total |   2816 |   2708 |    108 |      0 |   1829 |   5 |  563.2 |
       Dungeon |   2816 |   2708 |    108 |      0 |   1829 |   5 |  563.2 |
               +--------+--------+--------+--------+--------+-----+--------+

Top non-repeatable levels by time:
     D:3: 1194 daAuts
     D:1: 920 daAuts
     D:2: 488 daAuts
     D:4: 160 daAuts
     D:5: 52 daAuts
